 Dungeon Crawl Stone Soup version 0.31-a0-1-g4198be8 (webtiles) character file.

Game seed: 1266028022387603184

100 Nithhogg the Trooper (level 4, 0/41 HPs)
             Began as a Hill Orc Fighter on May 2, 2023.
             Slain by a gnoll
             ... wielding a +0 spear
              (8 damage)
             ... on level 3 of the Dungeon.
             The game lasted 00:04:59 (1898 turns).

Nithhogg the Trooper (Hill Orc Fighter)             Turns: 1898, Time: 00:05:00

Health: 0/41       AC:  8    Str: 20    XL:     4   Next: 74%
Magic:  5/5        EV:  9    Int:  8    God:
Gold:   116        SH:  0    Dex: 10    Spells: 3/3 levels left

rFire   . . .        a - +0 war axe
rCold   . . .        (no shield)
rNeg    . . .        b - +1 scale mail
rPois   .            (no helmet)
rElec   .            (no cloak)
rCorr   .            (no gloves)
SInv    .            (no boots)
Will    .....        (no amulet) Stlth
                     (no ring)
HPRegen 0.26/turn    (no ring)
MPRegen 0.09/turn

%: no passive effects
@: no status effects
A: no striking features
a: no special abilities


You were on level 3 of the Dungeon.
You visited 1 branch of the dungeon, and saw 3 of its levels.

You collected 116 gold pieces.

Inventory:

Hand Weapons
 a - a +0 war axe (weapon)
 e - a +3 sling
 h - a +1 dagger of speed
Armour
 b - a +1 scale mail (worn)
 c - a +0 buckler
Scrolls
 f - a scroll of teleportation
 i - 2 scrolls of magic mapping
Potions
 d - 2 potions of might
 g - 2 potions of mutation {unknown}
 j - a potion of curing {unknown}
 k - a potion of brilliance {unknown}
 m - a potion of resistance {unknown}
 n - a potion of lignification {unknown}


   Skills:
 + Level 4.5 Fighting
 + Level 3.9 Axes
 + Level 4.0 Armour
 - Level 3.2 Shields
 + Level 2.5 Invocations


You had 3 spell levels left.
You didn't know any spells.
Your spell library contained the following spells:

 Spells                   Type           Power      Damage    Failure   Level
 Lesser Beckoning         Tloc           0%         N/A       88%         2
 Gell's Gravitas          Tloc           0%         N/A       98%         3
 Teleport Other           Tloc           0%         N/A       98%         3


Dungeon Overview and Level Annotations

Branches:
Dungeon (3/15)

Altars:


Message History

There is a stone staircase leading down here.
You see here a +0 long sword.
Found an escape hatch in the floor. 2 gnolls come into view.
The gnoll shouts! x2
The gnoll moves out of view.
A gnoll is nearby!
A gnoll comes into view. It is wielding a +0 halberd.
The gnoll shouts!
The gnoll hits you from afar with a +0 halberd.
The gnoll misses you.
You slash the gnoll!
The gnoll is almost dead.
The gnoll hits you from afar with a +0 halberd!
The gnoll hits you with a +0 flail!
The gnoll hits you from afar with a +0 spear!
* * * LOW HITPOINT WARNING * * *
You are too injured to fight recklessly!
You are too injured to fight recklessly!
You are too injured to fight recklessly!
You are too injured to fight recklessly!
You are too injured to fight recklessly!
You are too injured to fight recklessly!
You are too injured to fight recklessly!
You are too injured to fight recklessly!
You are too injured to fight recklessly!
You are too injured to fight recklessly!
You are too injured to fight recklessly!
You are too injured to fight recklessly!
You are too injured to fight recklessly!
You are too injured to fight recklessly!
You are too injured to fight recklessly!
You are too injured to fight recklessly!
Okay, then.
As you read the scroll labelled IGES ASUEWISO, it crumbles to dust.
It is a scroll of enchant armour.
Your +0 scale mail glows green for a moment.
The gnoll hits you but does no damage. The gnoll barely misses you.
The gnoll hits you from afar with a +0 spear!
You die...

##### ## ...##.##
###.#.#.## #
#......#.# ##
#.##.#>#.g.#...##
#......#.@.g.....
####.##.###g...##
#### #.###.# #.##
.).# #####.# #.#
# ##.# #...#.# ##
#.# #..>).# ##.#
#...### .#.#
##.### .#.#
#)#.##


You could see 3 gnolls.

Vanquished Creatures
  An orc wizard (D:3)
  2 adders (D:2)
  2 worms (D:2)
  A dart slug (D:2)
  4 orcs (D:3)
  4 endoplasms
  7 goblins
  5 hobgoblins
  A quokka (D:1)
  5 ball pythons
  5 bats
  2 frilled lizards (D:2)
  3 kobolds
  5 rats
47 creatures vanquished.

Vanquished Creatures (others)
  11 plants (D:1)
11 creatures vanquished.

Grand Total: 58 creatures vanquished

Notes
Turn   | Place    | Note
-------+----------+-------------------------------------------
     0 | D:1      | Nithhogg the Hill Orc Fighter began the quest for the Orb.
     0 | D:1      | Reached XP level 1. HP: 19/19 MP: 1/1
   102 | D:1      | Reached XP level 2. HP: 24/27 MP: 2/2
   114 | D:1      | Reached skill level 1 in Invocations
   532 | D:1      | Reached XP level 3. HP: 31/33 MP: 4/4
   804 | D:2      | HP: 1/33 [poisoned by an adder]
  1029 | D:2      | Reached XP level 4. HP: 40/40 MP: 5/5
  1898 | D:3      | Slain by a gnoll

Illustrated notes

Levels and vault maps discovered:
D:1:      tekkud_arrival_beachfront_property, layout_rooms,
          serial_bayou_lagoon_a, minmay_misc_feat_cross
D:2:      layout_basic, nrook_mini_backslash, skrybe_limestone_x
D:3:      layout_loops_corners

Skill      XL: |  1  2  3  4 |
---------------+-------------+-----
Axes           | 3 |  3.9
Invocations    | 1 2 |  2.5
Fighting       | 4 |  4.5
Armour         | 4 |  4.0
Shields        | |  3.2

Action                     |  1- 3 |  4- 6 || total
---------------------------+-------+-------++-------
  Melee: War axe           |   103 |    30 ||   133
         Punch             |     1 |       ||     1
    Use: Scroll            |     2 |     3 ||     5
 Armour: Scale mail        |    56 |    11 ||    67
  Dodge: Dodged            |    52 |    15 ||    67

Table legend: (Time is in decaauts)
 A = Elapsed time spent in this place.
 B = Non-inter-level travel time spent in this place.
 C = Inter-level travel time spent in this place.
 D = Time resting spent in this place.
 E = Time spent auto-exploring this place.
 F = Levels seen in this place.
 G = Mean time per level.
                   A        B        C        D        E       F      G
               +--------+--------+--------+--------+--------+-----+--------+
         Total |   1950 |   1917 |     33 |      0 |   1568 |   3 |  650.0 |
       Dungeon |   1950 |   1917 |     33 |      0 |   1568 |   3 |  650.0 |
               +--------+--------+--------+--------+--------+-----+--------+

Top non-repeatable levels by time:
     D:2: 884 daAuts
     D:1: 706 daAuts
     D:3: 359 daAuts
